 Dungeon Crawl Stone Soup version 0.14-a0-3154-g428849b (webtiles) character file.

216599 4tharraofdagon the Shatterer (level 19, -17/250 HPs)
             Began as an Ogre Wizard on Mar 9, 2014.
             Was the Champion of Cheibriados.
             Demolished by a deep troll (26 damage)
             ... on Level 4 of the Depths.
             The game lasted 03:02:39 (20352 turns).

4tharraofdagon the Shatterer (Ogre Wizard)         Turns: 20352, Time: 03:02:39

HP -17/250       AC 24     Str 42      XL: 19   Next: 41%
MP  32/35        EV 10     Int 32      God: Cheibriados [******]
Gold 1322        SH  0     Dex 25      Spells: 12 memorised,  3 levels left

rFire  + . .     SeeInvis +     f - +6,+3 giant spiked club "Praos" {vamp, MR++ Dex+4 SInv}
rCold  . . .     Clarity  +     V - melded +0 troll leather armour
rNeg   + . .     Conserve .     (shield restricted)
rPois  +         rCorr    .     (helmet restricted)
rElec  +         rRot     +     E - +1 cloak
SustAb . .       Spirit   .     (gloves unavailable)
rMut   .         Warding  .     (boots unavailable)
Saprov + . .     Stasis   .     X - amulet of clarity
MR     +++..                    a - ring of Birdsong {rF+ Str+2 Dam+5}
                                h - ring of wizardry

@: statue-form, repel missiles, very slow, extremely resistant to hostile
enchantments, fairly stealthy
A: unfitting armour, fast metabolism 1, saprovore 1, (tough skin 0)
a: End Transformation, Bend Time, Temporal Distortion, Slouch, Step From Time,
Renounce Religion


You were on level 4 of the Depths.
You worshipped Cheibriados.
Cheibriados was exalted by your worship.
You were starving.
You were a stone statue.
You visited 6 branches of the dungeon, and saw 36 of its levels.
You also visited: Labyrinth, Bailey, Ice Cave and Wizlab.

You collected 4591 gold pieces.
You spent 3231 gold pieces at shops.

Inventory:

Hand weapons
 f - the +6,+3 giant spiked club "Praos" (weapon) {vamp, MR++ Dex+4 SInv}
   (You acquired it on level 11 of the Dungeon)

   It inflicts no extra harm, but heals its wielder somewhat when it strikes a
   living foe.
   It affects your dexterity (+4).
   It affects your resistance to hostile enchantments.
   It enhances your eyesight.
 g - a +3,+1 demon whip of freezing
Armour
 b - a -1 hat
 E - a +1 cloak (worn)
 V - a +0 troll leather armour (melded)
 Z - a +2 robe of cold resistance
Magical devices
 l - a wand of disintegration (9)
 v - a wand of fire (4)
 O - a wand of fire (5)
 U - a wand of teleportation (9)
Comestibles
 d - 12 meat rations
 n - 13 bread rations
Scrolls
 k - a scroll of magic mapping
 m - 7 scrolls of teleportation
 r - a scroll of fog
 s - a scroll of amnesia
 S - 6 scrolls of remove curse
 T - 3 scrolls of enchant weapon II
 W - 2 scrolls of enchant weapon I
Jewellery
 a - the ring of Birdsong (right hand) {rF+ Str+2 Dam+5}
   (You found it on level 1 of the Depths)

   [ring of protection from fire]

   It affects your strength (+2).
   It affects your damage with ranged weapons and melee attacks (+5).
 h - a ring of wizardry (left hand)
 j - an uncursed ring of regeneration
 q - an uncursed ring of flight
 u - the amulet of Cekugob {Ward -Tele Hunger rElec rPois rN+ AC+1 EV+1}
   (You took it off a deep elf sorcerer on level 3 of the Elven Halls)

   [amulet of warding]

   It affects your AC (+1).
   It affects your evasion (+1).
   It insulates you from electricity.
   It protects you from poison.
   It protects you from negative energy.
   It prevents most forms of teleportation.
   It speeds your metabolism.
 w - an uncursed ring of sustain abilities
 z - an uncursed ring of protection from fire
 A - a +4 ring of intelligence
 J - a +5 ring of protection
 N - an uncursed ring of teleportation
 X - an amulet of clarity (around neck)
Potions
 x - a potion of lignification
 B - 5 potions of magic
 F - 2 potions of brilliance
 G - 9 potions of curing
 M - a potion of restore abilities
Books
 p - a tome of Destruction
 t - a Grand Grimoire {highlevel}

   This book is beyond your current level of understanding.

   Spells                             Type                      Level
   Aura of Abjuration                 Summoning                    6
   Forceful Dismissal                 Summoning                    6
   Haunt                              Necromancy/Summoning         7
   Summon Greater Demon               Summoning                    7
   Malign Gateway                     Summoning/Translocation      7
   Summon Horrible Things             Summoning                    8
 C - a book of Battle

   Spells                             Type                      Level
   *Infusion                          Charms                       1
   Shroud of Golubria                 Charms/Translocation         2
   Song of Slaying                    Charms                       2
   Spectral Weapon                    Hexes/Charms                 3
   Regeneration                       Charms/Necromancy            3
 D - a tome of Destruction
 I - a book of Transfigurations

   Spells                             Type                      Level
   *Stoneskin                         Transmutation/Earth          2
   Ice Form                           Ice/Transmutation            4
   *Statue Form                       Transmutation/Earth          6
   Dragon Form                        Transmutation                7
 Q - a book of the Warp

   Spells                             Type                      Level
   *Control Teleport                  Charms/Translocation         4
   *Phase Shift                       Translocation                5
   Warp Weapon                        Charms/Translocation         5
   Summon Forest                      Summoning/Translocation      5
   Dispersal                          Translocation                6
   Controlled Blink                   Translocation                7
   Disjunction                        Translocation                8
Magical staves
 o - an uncursed staff of earth
Miscellaneous
 e - a disc of storms
 i - a phial of floods
 L - a fan of gales (inert)
 P - a fan of gales
 R - a sack of spiders
 Y - a phial of floods
Rods
 c - a +2 rod of shadows (10/10)
   (You took it off a minotaur in a labyrinth)
 K - a +3 rod of inaccuracy (14/14)
   (You took it off a deep elf knight on level 3 of the Elven Halls)


   Skills:
 - Level 13.3 Fighting
   Level 4.0 Short Blades
 * Level 25.3 Maces & Flails
 - Level 10.0 Dodging
 - Level 1.5 Stealth
 - Level 10.0 Spellcasting
 - Level 0.6 Conjurations
 - Level 0.6 Summonings
 - Level 5.0 Translocations
 - Level 6.0 Transmutations
 - Level 2.4 Fire Magic
 + Level 10.1 Earth Magic
 - Level 10.3 Invocations
 - Level 6.5 Evocations


You had 3 spell levels left.
You knew the following spells:

 Your Spells              Type           Power        Failure   Level  Hunger
b - Conjure Flame         Conj/Fire      ####....     2%          3    None
c - Mephitic Cloud        Conj/Pois/Air  ###.....     4%          3    None
d - Blink                 Tloc           N/A          1%          2    None
e - Repel Missiles        Chrm/Air       ###...       1%          2    None
f - Call Imp              Summ           ###.......   1%          2    None
g - Phase Shift           Tloc           #####.....   4%          5    ##.....
h - Control Teleport      Chrm/Tloc      ####......   4%          4    None
i - Sticky Flame          Conj/Fire      ####....     7%          4    None
j - Statue Form           Trmt/Erth      ######....   7%          6    #####..
k - Apportation           Tloc           #####.....   1%          1    None
l - Stoneskin             Trmt/Erth      ######....   1%          2    None
m - Infusion              Chrm           ###...       1%          1    None


Dungeon Overview and Level Annotations

Branches:
Dungeon (16/16)            Temple (1/1) D:7             Orc (4/4) D:11
    Elf (3/3) Orc:3          Lair (8/8) D:10         Shoals (0/5) Lair:4
 Spider (0/5) Lair:3       Vaults (0/5) D:14         Depths (4/6) D:16
  Slime: Lair:6-8

Altars:
Ashenzari
Cheibriados
Dithmenos
Fedhas
Makhleb
Okawaru
Sif Muna
Trog
The Shining One

Shops:
D:11 *   Orc:4 :!??   Elf:2 :   Depths:1 *

Portals:
Hell: Depths:1 Depths:2 Depths:3
Abyss: Depths:1 Depths:3
Pandemonium: Depths:4
Ziggurat: Depths:1

Annotations:
D:2 Sigmund
D:12 exclusion: downstairs
Elf:2 exclusion: silver statue
Lair:2 exclusion: ice statue


Innate Abilities, Weirdness & Mutations

You are too large for most types of armour.
You have a fast metabolism.
You can tolerate rotten meat.
((You have tough skin (AC +1).))*


Message History

The deep troll seems to grow stronger.
The deep troll bites you!
* * * LOW HITPOINT WARNING * * *
The deep troll claws you.
* * * LOW HITPOINT WARNING * * *
The deep troll barely misses you.
Unknown command.
You spit the deep troll like a pig!!!
You feel better.
You kill the deep troll!
Cheibriados thoroughly appreciates the change of pace.
The deep troll bites you!
* * * LOW HITPOINT WARNING * * *
The deep troll claws you but does no damage.
The deep troll claws you!
* * * LOW HITPOINT WARNING * * *
Unknown command.
Evoke which item? (* to show all) (? for menu, Esc to quit)
A fierce wind blows from the fan.
The deep troll shaman and the deep troll are blown away by the wind.
The winds coalesce and take form.
The deep troll bites you!
You die...

.......................
........................
.........................
........................
.........[......E....#
................TET.#
...........<....%%)#
################T#.#
#8#.C...2... #.#.'...=4.
#.#.#...... #.#.##.....
#.#.. #... #.#.. #' #....
#####


You could see 2 deep trolls, a deep troll shaman and 2 friendly air elementals.

Vanquished Creatures
  A golden dragon (Depths:4)
  Nikola (Depths:2)
  A quicksilver dragon (Depths:4)
  2 liches (Depths:3)
  A deep elf master archer (Elf:3)
  A deep elf blademaster (Elf:3)
  Rupert (Lair:5)
  Agnes (Depths:2)
  Frances (Elf:2)
  14 deep elf sorcerers
  5 fire giants
  3 frost giants
  4 emperor scorpions
  2 stone giants
  2 vampire knights
  2 spriggan defenders
  The ghost of SkaryMonk the Basher, a powerful DDNe of Makhleb (D:15)
  7 deep elf annihilators
  2 dire elephants
  3 deep elf demonologists (Elf:3)
  6 ettins
  5 deep elf death magi
  A minotaur (Lab)
  3 spriggan air magi
  Snorg (Lair:6)
  3 fire dragons
  A yaktaur captain (D:14)
  7 deep elf high priests (Elf:3)
  Fannar (Lair:4)
  A great orb of eyes (Depths:3)
  5 ice dragons
  6 hydras
  8 deep troll earth magi
  A spriggan zombie (Depths:2)
  2 rakshasas
  13 death yaks
  5 centaur warriors
  The ghost of Ququman the Conjurer, an experienced DrCj of Vehumet (D:10)
  A large abomination (Elf:3)
  A tengu warrior (Depths:1)
  5 deep troll shamans
  5 ogre magi
  A soul eater (Depths:4)
  A fire crab (shapeshifter) (Depths:3)
  A sun demon (Depths:2)
  2 very ugly things (Depths:2)
  A spectral emperor scorpion (Depths:3)
  2 catoblepae
  3 iron trolls
  A flayed ghost (Depths:4)
  A hell beast (Depths:2)
  6 hell knights (Depths:4)
  10 deep elf summoners
  A deep troll (shapeshifter) (Elf:1)
  18 deep elf knights
  A shadow demon (Depths:4)
  7 hill giants
  2 wizards
  10 deep trolls
  A giant orange brain (Depths:3)
  A sphinx zombie (Depths:2)
  A lindwurm (Lair:7)
  3 orc knights (Bailey)
  A torturous demonspawn (Depths:4)
  3 necromancers
  13 deep elf conjurers
  A cyclops (D:16)
  A mana viper (shapeshifter) (Elf:2)
  A stone giant zombie (WizLab)
  5 griffons
  3 sixfirhies
  12 elephants
  3 black mambas
  2 manticores
  A faun (shapeshifter) (D:15)
  A feature mimic (Lair:2)
  Psyche (D:11)
  A naga mage (D:16)
  11 spiny frogs
  5 fire drakes
  A mermaid (shapeshifter) (Depths:2)
  3 deep elf priests
  A queen bee (shapeshifter) (Depths:3)
  3 demonic crawlers (Elf:1)
  9 yaktaurs
  An iron devil (Depths:2)
  4 tengu conjurers
  4 trolls
  A red devil (Depths:3)
  3 polar bears
  A centaur skeleton (D:11)
  5 jumping spiders
  6 komodo dragons
  A freezing wraith (Depths:2)
  A blue devil (Depths:4)
  A spriggan (D:7)
  2 ice dragon zombies
  2 boulder beetles
  7 ravens
  16 blink frogs
  12 slime creatures
  A fire dragon zombie (D:15)
  19 two-headed ogres
  2 air elementals (Depths:4)
  A molten gargoyle (D:15)
  A frost giant simulacrum (Depths:2)
  A shark (D:14)
  6 redbacks
  4 shadows
  A tarantella (Elf:3)
  A stone giant simulacrum (Depths:2)
  An ettin skeleton (Depths:1)
  5 trapdoor spiders
  A formicid (shapeshifter) (Depths:1)
  2 elephant slugs
  23 ugly things
  A water elemental (D:14)
  5 basilisks
  A deep troll skeleton (Depths:1)
  2 wyverns
  A hill giant zombie (D:14)
  11 hippogriffs
  17 deep elf magi
  21 deep elf fighters
  8 vampire mosquitoes
  A hog (shapeshifter) (D:16)
  2 vampires
  A soldier ant (D:13)
  39 yaks
  7 hungry ghosts
  A warg (Orc:2)
  Menkaure (D:10)
  3 wolves
  A mottled dragon (D:16)
  2 gargoyles
  6 water moccasins
  6 porcupines
  A small abomination (Elf:3)
  7 spiders (D:14)
  2 phantoms
  2 sky beasts
  26 orc warriors
  2 dwarves (Orc:1)
  A black bear (D:12)
  34 ogres
  7 ice beasts
  2 yellow wasps
  A manticore skeleton (D:16)
  4 centaurs
  20 crocodiles
  A boring beetle (Lair:7)
  2 lost souls
  Duvessa (D:8)
  11 giant slugs
  2 big kobolds
  15 giant frogs
  An earth elemental (Depths:1)
  2 cyclops zombies
  5 scorpions
  2 eyes of draining
  A tengu zombie (D:12)
  A yak skeleton (D:8)
  7 killer bees
  8 crimson imps
  Dowan (D:8)
  2 quasits
  A giant frog zombie (D:11)
  4 goliath beetles
  An electric eel (D:14)
  3 centaur zombies
  2 jellies
  A giant frog skeleton (D:4)
  17 orc priests
  11 hounds
  28 orc wizards
  A two-headed ogre skeleton (D:11)
  7 orange rats
  A tengu simulacrum (D:15)
  6 iguanas
  10 worker ants
  A killer bee zombie (D:8)
  An ogre zombie (D:10)
  6 sheep
  Ijyb (D:7)
  A crocodile skeleton (D:10)
  13 boggarts
  A mummy (D:10)
  An ogre skeleton (D:3)
  18 adders
  34 green rats
  5 worms
  An adder zombie (D:6)
  3 giant eyeballs
  An ooze (D:2)
  175 orcs
  16 bats
  4 giant cockroaches
  16 goblins
  17 hobgoblins
  4 jackals
  20 kobolds
  15 quokkas
  10 giant geckos
  5 giant newts
  A giant spore (D:6)
  9 illusory rakshasas
  A kobold skeleton (D:5)
  An orc zombie (D:6)
  18 rats
  7 ballistomycetes
  2 crawling corpses (Depths:3)
  A fungus (Elf:3)
1239 creatures vanquished.

Vanquished Creatures (collateral kills)
  A deep troll earth mage (Depths:1)
  A deep troll shaman (Depths:1)
  4 deep trolls (Depths:1)
  2 killer bees (D:8)
8 creatures vanquished.

Vanquished Creatures (others)
  A death yak (Depths:1)
  An air elemental (Elf:2)
  A deep elf fighter (Elf:1)
  A wolf (IceCv)
  A killer bee (D:8)
  2 crimson imps (D:11)
  A giant eyeball (Depths:2)
  2 giant spores
  A ballistomycete (D:8)
  A bush (D:8)
  A fungus (Lair:6)
  2 plants
15 creatures vanquished.

Grand Total: 1262 creatures vanquished

Notes
Turn   | Place    | Note
--------------------------------------------------------------
     0 | D:1      | 4tharraofdagon, the Ogre Wizard, began the quest for the Orb.
     0 | D:1      | Reached XP level 1. HP: 16/16 MP: 4/4
   110 | D:1      | Reached skill level 1 in Maces & Flails
   211 | D:1      | Reached XP level 2. HP: 4/26 MP: 0/6
   505 | D:2      | Reached skill level 1 in Fighting
   505 | D:2      | Reached XP level 3. HP: 15/33 MP: 0/8
   512 | D:2      | Learned a level 3 spell: Conjure Flame
   516 | D:2      | Learned a level 3 spell: Mephitic Cloud
   559 | D:2      | Reached skill level 4 in Spellcasting
   860 | D:2      | Noticed Sigmund
  1024 | D:2      | Reached XP level 4. HP: 23/41 MP: 1/11
  1083 | D:3      | Learned a level 2 spell: Blink
  1086 | D:3      | Learned a level 2 spell: Repel Missiles
  1112 | D:3      | Found a shadowy altar of Dithmenos.
  1230 | D:3      | Found a blossoming altar of Fedhas.
  1317 | D:4      | Noticed an ogre
  1334 | D:4      | Noticed an ogre
  1528 | D:4      | Killed an ogre
  1528 | D:4      | Reached skill level 1 in Fire Magic
  1528 | D:4      | Reached XP level 5. HP: 10/50 MP: 2/13
  1624 | D:4      | Reached skill level 5 in Maces & Flails
  1666 | D:4      | Noticed a phantom
  1735 | D:4      | Reached XP level 6. HP: 33/61 MP: 11/15
  1816 | D:4      | Killed an ogre
  1829 | D:5      | Entered Level 5 of the Dungeon
  1861 | D:5      | Reached skill level 6 in Maces & Flails
  2055 | D:5      | Found a shattered altar of Ashenzari.
  2102 | D:5      | Reached XP level 7. HP: 55/70 MP: 13/17
  2134 | D:5      | Paralysed by a giant eyeball for 3 turns
  2432 | D:6      | Found an iron altar of Okawaru.
  2462 | D:7      | Noticed a spriggan baker
  2467 | D:7      | Killed a spriggan baker
  2467 | D:7      | Reached skill level 7 in Maces & Flails
  2502 | D:7      | Noticed Ijyb
  2512 | D:7      | Killed Ijyb
  2519 | D:7      | Noticed a hippogriff
  2526 | D:7      | Killed a hippogriff
  2526 | D:7      | Reached skill level 5 in Fighting
  2526 | D:7      | Reached skill level 8 in Maces & Flails
  2526 | D:7      | Reached XP level 8. HP: 68/80 MP: 11/18
  2576 | D:7      | Found a staircase to the Ecumenical Temple.
  2585 | Temple   | Entered the Ecumenical Temple
  2589 | Temple   | Became a worshipper of Cheibriados the Contemplative
  2637 | D:7      | Paralysed by a giant eyeball for 2 turns
  2651 | D:7      | Noticed Menkaure
  2757 | D:8      | Noticed Duvessa
  2759 | D:8      | Noticed Dowan
  2765 | D:8      | Killed Duvessa
  2777 | D:8      | Killed Dowan
  2777 | D:8      | Reached skill level 1 in Invocations
  2964 | D:6      | Reached skill level 9 in Maces & Flails
  3356 | D:8      | WTF
  3387 | D:9      | WTF
  3390 | D:9      | Learned a level 2 spell: Call Imp
  3516 | D:8      | Noticed a hill giant
  3560 | D:8      | Killed a hill giant
  3560 | D:8      | Reached skill level 10 in Maces & Flails
  3560 | D:8      | Reached XP level 9. HP: 69/92 MP: 1/19
  3751 | D:8      | Noticed a two-headed ogre
  3759 | D:8      | Killed a two-headed ogre
  3770 | D:8      | Reached skill level 11 in Maces & Flails
  3781 | D:8      | Noticed a fire dragon
  3941 | D:9      | Paralysed by a giant eyeball for 3 turns
  4098 | D:8      | Reached skill level 1 in Evocations
  4293 | D:8      | Reached XP level 10. HP: 89/104 MP: 17/20
  4371 | D:8      | Killed a fire dragon
  4371 | D:8      | Reached skill level 1 in Short Blades
  4409 | D:8      | Reached skill level 5 in Invocations
  4571 | D:10     | Entered Level 10 of the Dungeon
  4571 | D:10     | Found a burning altar of Makhleb.
  4581 | D:10     | Acquired Cheibriados' first power
  4618 | D:10     | Noticed Ququman's ghost (experienced DrCj)
  4723 | D:11     | Reached skill level 5 in Dodging
  4746 | D:11     | Found a staircase to the Orcish Mines.
  4749 | D:11     | Noticed Psyche
  4765 | D:11     | Killed Psyche
  4800 | D:11     | Noticed a griffon
  4867 | D:11     | Killed a griffon
  4873 | D:11     | Acquired Cheibriados' second power
  4988 | D:11     | Noticed a five-headed hydra
  4998 | D:11     | Killed a five-headed hydra
  5237 | D:11     | Noticed a hill giant
  5243 | D:11     | Killed a hill giant
  5243 | D:11     | Reached XP level 11. HP: 107/115 MP: 15/21
  5274 | D:11     | Found Nitry's Assorted Antiques.
  5281 | D:11     | Bought a scroll labeled STATULIGOO for 18 gold pieces
  5281 | D:11     | Bought a scroll labeled YPIEPH SYRUO for 18 gold pieces
  5281 | D:11     | Bought a large marble ring for 90 gold pieces
  5281 | D:11     | Bought a potion of curing for 36 gold pieces
  5281 | D:11     | Bought a fluorescent wand for 72 gold pieces
  5281 | D:11     | Bought a metal-bound book for 270 gold pieces
  5281 | D:11     | Bought a metal-bound book for 270 gold pieces
  5298 | D:11     | Got a crude giant spiked club
  5307 | D:11     | Identified the +6,+3 giant spiked club "Praos" {vamp, MR++ Dex+4 SInv} (You acquired it on level 11 of the Dungeon)
  5308 | D:11     | DDD
  5326 | D:11     | Learned a level 5 spell: Phase Shift
  5342 | D:11     | Bought a scroll of noise for 18 gold pieces
  5429 | D:11     | Reached skill level 1 in Translocations
  5449 | D:12     | Acquired Cheibriados' third power
  5562 | D:12     | Noticed a hill giant
  5575 | D:12     | Killed a hill giant
  5836 | D:13     | Found a flagged portal.
  5986 | Bailey   | Entered a bailey
  5986 | Bailey   | Noticed an orc knight
  5986 | Bailey   | Noticed an orc knight
  5993 | Bailey   | Noticed an orc knight
  5994 | Bailey   | Killed an orc knight
  5995 | Bailey   | Killed an orc knight
  5995 | Bailey   | Reached skill level 12 in Maces & Flails
  6005 | Bailey   | Killed an orc knight
  6005 | Bailey   | Reached skill level 10 in Fighting
  6428 | D:10     | Killed Menkaure
  6428 | D:10     | Reached skill level 5 in Spellcasting
  6550 | D:10     | Noticed a hill giant
  6555 | D:10     | Killed a hill giant
  6571 | D:10     | Reached XP level 12. HP: 126/126 MP: 24/24
  6738 | D:10     | Killed Ququman's ghost
  6750 | D:10     | Found a staircase to the Lair.
  6779 | Lair:1   | Entered Level 1 of the Lair of Beasts
  7027 | Lair:2   | Reached skill level 13 in Maces & Flails
  7121 | Lair:2   | Learned a level 4 spell: Control Teleport
  7545 | Lair:3   | Noticed an eight-headed hydra
  7551 | Lair:3   | Killed an eight-headed hydra
  7630 | Lair:3   | Found a hole to the Spider Nest.
  7707 | Lair:4   | Noticed a death yak
  7707 | Lair:4   | Noticed a death yak
  7708 | Lair:4   | om
  7725 | Lair:3   | Reached skill level 5 in Translocations
  7780 | Lair:4   | Found a labyrinth entrance.
  7826 | Lab      | Entered a labyrinth
  8396 | Lab      | Noticed a minotaur
  8401 | Lab      | Killed a minotaur
  8415 | Lab      | Got a scintillating pewter amulet
  8419 | Lair:4   | Identified the amulet of Shronuriofi {Faith Str+3 Int-2} (You found it in a labyrinth)
  8436 | Lair:4   | Noticed Fannar
  8444 | Lair:4   | Killed Fannar
  8458 | Lair:4   | Reached skill level 14 in Maces & Flails
  8458 | Lair:4   | Reached XP level 13. HP: 137/137 MP: 23/27
  8489 | Lair:4   | Killed a death yak
  8494 | Lair:4   | Killed a death yak
  8498 | Lair:4   | Noticed a death yak
  8504 | Lair:4   | Killed a death yak
  8547 | Lair:4   | Found a staircase to the Shoals.
  8766 | Lair:5   | Noticed Rupert
  8778 | Lair:5   | Killed Rupert
  8903 | Lair:5   | Learned a level 4 spell: Sticky Flame
  8916 | Lair:5   | Found an iron altar of Okawaru.
  8993 | Lair:6   | Noticed Snorg
  9082 | Lair:6   | Reached skill level 15 in Maces & Flails
  9152 | Lair:6   | Killed Snorg
  9196 | Lair:7   | Got a transparent spear
  9501 | Lair:8   | Entered Level 8 of the Lair of Beasts
  9511 | Lair:8   | Reached XP level 14. HP: 149/149 MP: 20/30
  9617 | Lair:8   | Reached skill level 5 in Evocations
  9721 | Lair:8   | Reached skill level 10 in Invocations
  9735 | Lair:8   | Reached skill level 16 in Maces & Flails
 10569 | Orc:1    | Entered Level 1 of the Orcish Mines
 10811 | Orc:2    | Found a frozen archway.
 10820 | IceCv    | Entered an ice cave
 10864 | IceCv    | Got a polished cloak
 10868 | IceCv    | Identified the cursed +0 cloak of Ysoniru {Dex-5 Int+3} (You found it in an ice cave)
 11020 | Orc:3    | Found a staircase to the Elven Halls.
 11389 | Orc:1    | Found an iron altar of Okawaru.
 11475 | Orc:4    | Entered Level 4 of the Orcish Mines
 11695 | Orc:4    | Reached XP level 15. HP: 159/159 MP: 32/32
 11754 | Orc:4    | Reached skill level 17 in Maces & Flails
 11787 | Orc:4    | Found Psistrui's Book Emporium.
 11787 | Orc:4    | Found Leataneuscha's Magic Scroll Shop.
 11787 | Orc:4    | Found Ikul's Distillery.
 11787 | Orc:4    | Found Miocvir's Magic Scroll Shoppe.
 11797 | Orc:4    | Reached skill level 10 in Spellcasting
 11824 | Orc:4    | Bought a scroll of teleportation for 45 gold pieces
 11824 | Orc:4    | Bought a scroll of identify for 30 gold pieces
 11824 | Orc:4    | Bought a scroll of teleportation for 45 gold pieces
 11824 | Orc:4    | Bought a scroll of teleportation for 45 gold pieces
 11826 | Orc:4    | Bought a scroll of identify for 26 gold pieces
 11828 | Orc:4    | Bought a potion of heal wounds for 42 gold pieces
 11828 | Orc:4    | Bought a potion of resistance for 98 gold pieces
 11828 | Orc:4    | Bought a potion of curing for 28 gold pieces
 11828 | Orc:4    | Bought a potion of curing for 28 gold pieces
 11828 | Orc:4    | Bought a potion of magic for 77 gold pieces
 11828 | Orc:4    | Bought a potion of brilliance for 35 gold pieces
 11835 | Orc:4    | Bought a book of Transfigurations for 770 gold pieces
 11847 | Orc:4    | Learned a level 6 spell: Statue Form
 11847 | Orc:4    | Bought a book of Cantrips for 280 gold pieces
 11850 | Orc:4    | Learned a level 1 spell: Apportation
 11987 | Elf:1    | Entered Level 1 of the Elven Halls
 12020 | Elf:1    | Found a magical portal.
 12020 | Elf:1    | Noticed a deep elf sorcerer
 12025 | WizLab   | Entered a wizard's laboratory
 12110 | Elf:1    | Killed a deep elf sorcerer
 12110 | Elf:1    | Reached skill level 1 in Transmutations
 12110 | Elf:1    | Reached skill level 1 in Earth Magic
 12271 | Elf:2    | Found Ghiugi's Book Boutique.
 12554 | D:12     | Noticed a hill giant
 12566 | D:12     | Killed a hill giant
 12682 | D:13     | Found a blossoming altar of Fedhas.
 12804 | D:14     | Found a gate to the Vaults.
 12988 | D:14     | Reached skill level 10 in Dodging
 13255 | D:15     | Entered Level 15 of the Dungeon
 13257 | D:15     | Noticed SkaryMonk's ghost (powerful DDNe)
 13265 | D:15     | Killed SkaryMonk's ghost
 13493 | D:16     | Entered Level 16 of the Dungeon
 13684 | D:16     | Found a staircase to the Depths.
 13695 | Depths:1 | Entered Level 1 of the Depths
 13774 | Depths:1 | Reached skill level 5 in Transmutations
 13858 | Depths:1 | Reached XP level 16. HP: 79/170 MP: 26/33
 13955 | Depths:1 | Reached skill level 5 in Earth Magic
 13959 | Depths:1 | Found a gateway to Hell.
 14010 | Depths:1 | Got a glittering golden ring
 14064 | Depths:1 | Found Kaas' Pet Rocks.
 14087 | Depths:1 | Bought a wand of disintegration (11) for 210 gold pieces
 14159 | Depths:1 | Learned a level 2 spell: Stoneskin
 14193 | Depths:1 | Found a gateway to a ziggurat.
 15123 | Elf:2    | Bought a book of Battle for 680 gold pieces
 15133 | Elf:2    | Noticed Frances
 15305 | Elf:2    | Killed Frances
 15450 | Elf:3    | Entered Level 3 of the Elven Halls
 15642 | Elf:3    | Reached skill level 18 in Maces & Flails
 16072 | Elf:3    | Reached skill level 19 in Maces & Flails
 16088 | Elf:3    | Noticed a deep elf blademaster
 16098 | Elf:3    | Killed a deep elf blademaster
 16108 | Elf:3    | Reached XP level 17. HP: 178/178 MP: 22/34
 16186 | Elf:3    | Reached skill level 20 in Maces & Flails
 16526 | Elf:3    | Reached skill level 21 in Maces & Flails
 16534 | Elf:3    | Got a jewelled war axe
 16593 | Elf:3    | Got a bloodstained quarterstaff
 16738 | Elf:3    | Noticed a deep elf master archer
 16749 | Elf:3    | Killed a deep elf master archer
 16806 | Elf:3    | Identified the ring of Birdsong {rF+ Str+2 Dam+5} (You found it on level 1 of the Depths)
 16876 | Elf:3    | Identified the Incunabulum of Congealing Black Arts (You found it on level 3 of the Elven Halls)
 17152 | Elf:3    | Learned a level 1 spell: Infusion
 17502 | Elf:1    | Reached skill level 22 in Maces & Flails
 18444 | Depths:2 | Reached XP level 18. HP: 185/185 MP: 29/34
 18512 | Depths:3 | Found a one-way gate to the infinite horrors of the Abyss.
 18528 | Depths:2 | Noticed Agnes
 18540 | Depths:2 | Killed Agnes
 18629 | Depths:2 | Found a glowing golden altar of the Shining One.
 18648 | Depths:2 | Noticed Nikola
 18658 | Depths:2 | Killed Nikola
 18773 | Depths:2 | Reached skill level 23 in Maces & Flails
 19429 | Depths:4 | HP: 10/240 [spriggan defender/runed quick blade (4)]
 19435 | Depths:4 | HP: 8/240 [deep elf sorcerer/runed quick blade (5)]
 19436 | Depths:4 | HP: 3/240 [deep elf sorcerer/runed quick blade (5)]
 19621 | Depths:4 | Noticed a golden dragon
 19636 | Depths:4 | Killed a golden dragon
 19640 | Depths:4 | Reached skill level 24 in Maces & Flails
 19846 | Depths:3 | Noticed a lich
 19855 | Depths:3 | Killed a lich
 19882 | Depths:3 | Reached XP level 19. HP: 193/193 MP: 32/35
 20215 | Depths:3 | Noticed a lich
 20220 | Depths:3 | Killed a lich
 20220 | Depths:3 | Reached skill level 25 in Maces & Flails
 20308 | Depths:4 | Found a one-way gate leading to the halls of Pandemonium.
 20318 | Depths:4 | Reached skill level 10 in Earth Magic
 20351 | Depths:4 | HP: 8/250 [deep troll (7)]
 20352 | Depths:4 | Demolished by a deep troll

Action                   |  1- 3 |  4- 6 |  7- 9 | 10-12 | 13-15 | 16-18 | 19-21 || total
-------------------------+-------+-------+-------+-------+-------+-------+-------++-------
Melee: Club              |    68 |       |       |       |       |       |       ||    68
       Unarmed           |     4 |       |       |       |       |       |       ||     4
       Whip              |     5 |    18 |       |       |       |       |       ||    23
       Giant spiked club |       |    37 |   196 |   519 |  1120 |   774 |   102 ||  2748
 Cast: Magic Dart        |    84 |    18 |     1 |     2 |       |       |       ||   105
       Conjure Flame     |     1 |    11 |    15 |    22 |    18 |       |       ||    67
       Mephitic Cloud    |       |     7 |    31 |    19 |     1 |       |       ||    58
       Blink             |       |     6 |     6 |    25 |       |       |       ||    37
       Call Imp          |       |       |       |     4 |       |       |       ||     4
       Repel Missiles    |       |       |       |     1 |     1 |     2 |       ||     4
       Statue Form       |       |       |       |       |     1 |    35 |     5 ||    41
       Stoneskin         |       |       |       |       |       |     9 |     2 ||    11
       Sticky Flame      |       |       |       |       |       |     1 |       ||     1
       Phase Shift       |       |       |       |       |       |     1 |       ||     1
Invok: Slouch            |       |       |       |     1 |    25 |    13 |     1 ||    40
       Temporal Distorti |       |       |       |       |     2 |       |       ||     2
       Step From Time    |       |       |       |       |     1 |     1 |       ||     2
 Abil: Evoke Teleportati |       |       |       |    10 |       |       |       ||    10
       End Transformatio |       |       |       |       |       |     6 |       ||     6
       Blink             |       |       |       |       |       |     2 |       ||     2
Evoke: Wand              |       |     1 |     1 |    15 |     3 |     6 |       ||    26
       Deck              |       |       |     2 |       |       |       |       ||     2
       Fan of gales      |       |       |       |       |       |     2 |     1 ||     3
  Use: Potion            |     2 |       |     2 |     1 |     3 |     8 |       ||    16
       Scroll            |     2 |     4 |    11 |    13 |    14 |     7 |     2 ||    53
 Stab: Confused          |       |       |     7 |     3 |       |       |       ||    10
       Distracted        |       |       |     1 |       |     1 |       |       ||     2
       Sleeping          |       |       |       |     4 |     7 |     2 |     1 ||    14
       Petrified         |       |       |       |       |       |     1 |       ||     1
